 Dungeon Crawl Stone Soup version 0.21-a0-110-g8e1637b (webtiles) character file.

1808 Kurtz the Spear-Bearer (level 9, 0/43 HPs)
             Began as a Vine Stalker Abyssal Knight on July 10, 2017.
             Was a Priest of Lugonu.
             Killed by nerve-wracking pain
             ... invoked by an orc priest
              (10 damage)
             ... on level 7 of the Dungeon.
             The game lasted 00:17:06 (5929 turns).

Kurtz the Spear-Bearer (VSAK)                       Turns: 5929, Time: 00:17:07

Health: 0/43       AC: 11    Str: 17    XL:     9   Next: 10%
Magic:  0/13       EV:  7    Int: 12    God:    Lugonu [***...]
Gold:   329        SH:  7    Dex: 15    Spells: 8/8 levels left

rFire    . . .     SeeInvis .   p - +0 trident
rCold    + . .     Gourm    .   t - +0 shield
rNeg     . . .     Faith    .   z - +4 ring mail {rC+}
rPois    .         Spirit   +   x - +1 helmet
rElec    .         Reflect  .   (no cloak)
rCorr    .         Harm     .   (no gloves)
MR       +....                  (no boots)
Stlth    ..........             Q - amulet of regeneration
HPRegen  0.94/turn              M - ring of loudness (curse)
MPRegen  0.13/turn              G - +1 ring of slaying

@: no status effects
A: fangs 3, regeneration 1, magic shield, antimagic bite, no potion heal 3, rot
immunity
a: Depart the Abyss, Bend Space, Banish, Renounce Religion


You were on level 7 of the Dungeon.
You worshipped Lugonu.
Lugonu was most pleased with you.
You were not hungry.

You visited 1 branch of the dungeon, and saw 7 of its levels.
You visited the Abyss 1 time.

You collected 407 gold pieces.
You spent 78 gold pieces at shops.

Inventory:

Hand Weapons
 a - a +1 spear
 p - a +0 trident (weapon)
Missiles
 I - 6 javelins (quivered)
 J - an exploding tomahawk
Armour
 b - a +0 leather armour
 h - a +0 chain mail
 q - a +2 leather armour of positive energy
 t - a +0 shield (worn)
 x - a +1 helmet (worn)
 y - a +2 leather armour of cold resistance
 z - a +4 ring mail of cold resistance (worn)
Jewellery
 f - an uncursed ring of magical power
 g - an uncursed ring of fire
 n - an uncursed ring of ice
 u - an uncursed amulet of magic regeneration
 G - a +1 ring of slaying (right hand)
 M - a cursed ring of loudness (left hand)
 O - an uncursed ring of flight
 Q - an amulet of regeneration (around neck)
 R - an uncursed amulet of the gourmand {unknown}
Scrolls
 e - 3 scrolls of enchant weapon {unknown}
 i - 10 scrolls of remove curse {unknown}
 j - a scroll of immolation {unknown}
 k - 2 scrolls of fog {unknown}
 o - 4 scrolls of teleportation {unknown}
 s - 2 scrolls of amnesia {unknown}
 v - 2 scrolls of identify {unknown}
 E - a scroll of blinking {unknown}
 H - a scroll of enchant armour {unknown}
 L - 2 scrolls of magic mapping {unknown}
Potions
 d - 2 potions of degeneration {unknown}
 l - 3 potions of curing
 m - 3 potions of agility {unknown}
 r - a potion of lignification {unknown}
 A - a potion of haste {unknown}
 B - a potion of berserk rage {unknown}
 C - a potion of magic {unknown}
 D - a potion of brilliance {unknown}
 K - 2 potions of heal wounds {unknown}
 P - a potion of flight {unknown}
Books
 w - a Young Poisoner's Handbook

   Spells                             Type                      Level
   a - Sting                          Conjuration/Poison           1
   b - Poisonous Vapours              Poison/Air                   2
   c - Mephitic Cloud                 Conjuration/Poison/Air       3
   d - Olgreb's Toxic Radiance        Poison                       4
   e - Venom Bolt                     Conjuration/Poison           5
Comestibles
 c - 8 bread rations
 F - a fruit
 N - a royal jelly


   Skills:
 - Level 2.6 Fighting
 * Level 9.6 Polearms
 - Level 1.5 Armour
 - Level 0.7 Dodging
 * Level 5.1 Invocations


You had 8 spell levels left.
You didn't know any spells.

Dungeon Overview and Level Annotations

Branches:
Dungeon (7/15)             Temple (0/1) D:6

Altars:
Dithmenos
Fedhas
Hepliaklqana
Nemelex Xobeh
Okawaru
Sif Muna
Vehumet
Xom
Yredelemnul

Shops:
D:4 =

Annotations:
Abyss:1 Ijyb, Pikel


Innate Abilities, Weirdness & Mutations

You have razor-sharp teeth.
Your natural rate of healing is unusually fast.
When hurt, damage is shared between your health and your magic reserves.
Your bite disrupts and absorbs the magic of your enemies.
Potions cannot restore your health.
You are immune to rotting.


Message History

You block the orc warrior's attack.
The centaur warrior zombie closely misses you.
You hit the orc priest.
You bite the orc priest, but do no damage.
The orc priest is heavily wounded.
The orc priest barely misses you.
You block the centaur warrior zombie's attack.
You block the orc warrior's attack.
You hit the orc priest.
The orc priest is severely wounded.
The centaur warrior zombie hits you. You block the orc priest's attack.
The orc warrior hits you with a hand axe!
You hit the orc priest. Your bite misses the orc priest.
The orc priest is severely wounded.
You block the centaur warrior zombie's attack.
The orc warrior hits you with a hand axe!
* * * LOW HITPOINT WARNING * * *
The orc priest calls down the wrath of Beogh upon you.
Pain shoots through your body!
You die...

### ### ##.### ######.## #....#
#.......# ### ##...# #.......#
..##########...#######......##
................@Zo..........##
..######........oo............###
....## ################...##....#
.....# ##..####.... .....##
#..#######.. ......# ##.##
#....## ......# ####.o# #......
......# ###.#..## #...... ......#
##....)## #......


You could see an orc warrior, an orc priest, an orc and a centaur warrior
zombie.

Vanquished Creatures
  The ghost of NOFUNALLOWED the Cudgeler, an amateur CeCK of Xom (D:3)
  An orc warrior (D:5)
  2 phantoms
  2 centaurs
  2 ogres
  A killer bee (D:7)
  2 crimson imps (D:6)
  3 hounds
  2 orc priests (D:4)
  A centaur skeleton (D:4)
  An iguana (D:6)
  4 orc wizards
  4 worker ants
  A hound skeleton (D:7)
  Robin (D:3)
  8 adders
  An ufetubus (Abyss:2)
  3 adder zombies
  2 worms (D:2)
  2 dart slugs
  3 leopard geckos
  23 orcs
  2 ball pythons (D:1)
  6 bats
  6 giant cockroaches
  15 goblins
  18 hobgoblins
  7 jackals (D:2)
  5 kobolds
  2 quokkas
  9 frilled lizards
  A jackal zombie (D:5)
  A quokka zombie (D:5)
  7 rats
149 creatures vanquished.

Vanquished Creatures (others)
  A slave (D:4)
  2 killer bees (D:7)
  A dart slug (D:4)
  2 orcs (D:4)
  A goblin (D:4)
  2 starspawn tentacles (Abyss:2)
9 creatures vanquished.

Grand Total: 158 creatures vanquished

Notes
Turn   | Place    | Note
-------+----------+-------------------------------------------
     0 | Abyss:1  | Kurtz the Vine Stalker Abyssal Knight began the quest for the Orb.
     0 | Abyss:1  | Reached XP level 1. HP: 11/11 MP: 3/3
     3 | Abyss:1  | Found a corrupted altar of Lugonu.
    82 | Abyss:1  | Noticed a small abomination
   112 | Abyss:1  | Noticed a sky beast
   162 | Abyss:2  | Reached skill level 2 in Polearms
   182 | Abyss:2  | Noticed a large abomination
   224 | Abyss:2  | Noticed a tentacled starspawn
   231 | Abyss:2  | Noticed a blizzard demon
   237 | Abyss:2  | Noticed a thrashing horror
   239 | D:1      | Escaped the Abyss
   239 | D:1      | Noticed a minotaur zombie
   299 | D:1      | Noticed a merfolk zombie
   300 | D:1      | Noticed a minotaur zombie
   442 | D:1      | Reached XP level 2. HP: 13/16 MP: 4/4
   560 | D:1      | Reached * piety under Lugonu
   732 | D:1      | Reached skill level 3 in Polearms
   738 | D:1      | Reached XP level 3. HP: 17/19 MP: 5/5
  1188 | D:2      | Gained mutation: Your natural rate of healing is unusually fast. [Vine Stalker growth]
  1188 | D:2      | Reached XP level 4. HP: 22/23 MP: 6/6
  1231 | D:2      | Reached ** piety under Lugonu
  1562 | D:2      | Reached skill level 4 in Polearms
  1904 | D:3      | Reached XP level 5. HP: 24/27 MP: 7/7
  2093 | D:3      | Noticed Robin
  2119 | D:3      | Killed Robin
  2139 | D:3      | Reached *** piety under Lugonu
  2337 | D:3      | Noticed NOFUNALLOWED's ghost (amateur CeCK)
  2362 | D:3      | Killed NOFUNALLOWED's ghost
  2362 | D:3      | Reached skill level 5 in Polearms
  2362 | D:3      | Reached XP level 6. HP: 32/32 MP: 9/9
  2733 | D:4      | Noticed Ijyb
  2769 | D:3      | Banished Ijyb
  2953 | D:4      | Reached skill level 6 in Polearms
  3017 | D:4      | Reached XP level 7. HP: 22/35 MP: 10/10
  3069 | D:4      | Noticed Pikel
  3141 | D:4      | Banished Pikel
  3141 | D:4      | Reached skill level 7 in Polearms
  3213 | D:4      | Gained mutation: You have razor-sharp teeth. [Vine Stalker growth]
  3213 | D:4      | Reached XP level 8. HP: 33/39 MP: 12/12
  3235 | D:4      | Found Kemyer's Jewellery Shop.
  3243 | D:4      | Bought a +1 ring of slaying for 78 gold pieces
  3716 | D:4      | Found a radiant altar of Vehumet.
  3741 | D:5      | Entered Level 5 of the Dungeon
  3905 | D:5      | Reached skill level 8 in Polearms
  4092 | D:5      | You fall through a shaft for 2 floors!
  4105 | D:6      | Found a staircase to the Ecumenical Temple.
  4619 | D:5      | Found a shadowy altar of Dithmenos.
  4621 | D:5      | Found a deep blue altar of Sif Muna.
  4621 | D:5      | Found a blossoming altar of Fedhas.
  4623 | D:5      | Found a hazy altar of Hepliaklqana.
  4623 | D:5      | Found an iron altar of Okawaru.
  4623 | D:5      | Found a shimmering altar of Xom.
  4732 | D:6      | Found a sparkling altar of Nemelex Xobeh.
  4740 | D:6      | Reached skill level 9 in Polearms
  4835 | D:6      | Found a blossoming altar of Fedhas.
  5276 | D:6      | Reached skill level 5 in Invocations
  5276 | D:6      | Reached XP level 9. HP: 43/43 MP: 13/13
  5508 | D:7      | Found a shadowy altar of Dithmenos.
  5526 | D:7      | Found a deep blue altar of Sif Muna.
  5551 | D:7      | Found a basalt altar of Yredelemnul.
  5616 | D:7      | Reached **** piety under Lugonu
  5929 | D:7      | Killed from afar by an orc priest

Vault maps used:
D:1:      shiori_arrival_whats_in_store_for_you
D:3:      gup_sewer_entry_bowl, uniq_robin
D:4:      kennysheep_the_goblin_king, lemuel_coloured_pillars_altar,
          serial_shops, shop, uniq_pikel
D:5:      first_bread, doesnt_xom_only_xom
D:6:      lemuel_crystal_altar, minmay_temple_entry_butterflies,
          kennysheep_small_circle
D:7:      old_standard_altar, overflow_temple_1_default,
          overflow_temple_1_default
Abyss:1:  evilmike_abyss_exit_13

Skill      XL: |  1  2  3  4  5  6  7  8 |
---------------+-------------------------+-----
Polearms       | 2 3 4 5 6 7 9 |  9.6
Invocations    | 2 3 4 5 |  5.1
Fighting       | |  2.6
Armour         | |  1.5
Dodging        | |  0.7

Action                   |  1- 3 |  4- 6 |  7- 9 || total
-------------------------+-------+-------+-------++-------
Melee: Spear             |    90 |   251 |    83 ||   424
       Bite              |    11 |    61 |    65 ||   137
       Trident           |       |       |   206 ||   206
Throw: Javelin           |       |       |     2 ||     2
Invok: Depart the Abyss  |     1 |       |       ||     1
       Banish            |       |     3 |     4 ||     7
       Bend Space        |       |       |     1 ||     1
  Use: Potion            |       |     1 |       ||     1
 Stab: Distracted        |     1 |       |       ||     1
       Sleeping          |       |     3 |       ||     3
  Eat: Chunk             |     1 |     7 |     7 ||    15
       Meat ration       |       |       |     1 ||     1
Armor: Chain mail        |    29 |       |       ||    29
       Leather armour    |     2 |    33 |       ||    35
       Ring mail         |       |    28 |    84 ||   112
Dodge: Dodged            |    23 |    63 |    51 ||   137
Block: Shield            |       |    54 |    77 ||   131
